 Dungeon Crawl Stone Soup version 0.31.0-11-ge490571c62 (webtiles) character file.

Game seed: 7264884195079571181

52 dave1331 the Trooper (level 3, -2/34 HPs)
             Began as a Hill Orc Fighter on Feb 2, 2024.
             Slain by Terence
             ... wielding a +1 trident of freezing
              (3 damage)
             ... on level 2 of the Dungeon.
             The game lasted 00:02:27 (747 turns).

dave1331 the Trooper (Hill Orc Fighter)              Turns: 747, Time: 00:02:27

Health: -2/34      AC:  9    Str: 19    XL:     3   Next: 85%
Magic:  12/12      EV:  9    Int: 12    God:
Gold:   55         SH:  4    Dex:  9    Spells: 2/2 levels left

rFire   + . .        a - +0 war axe
rCold   . . .        c - +0 buckler
rNeg    . . .        b - +0 scale mail
rPois   .            (no helmet)
rElec   .            (no cloak)
rCorr   .            (no gloves)
SInv    .            j - +1 pair of boots
Will    .....        (no amulet) Stlth
                     i - ring of magical power
HPRegen 0.25/turn    (no ring)
MPRegen 0.13/turn

%: no passive effects
@: no status effects
A: clever 1, fire resistance 1, MP-powered wands
a: no special abilities


You were on level 2 of the Dungeon.
You visited 1 branch of the dungeon, and saw 2 of its levels.

You collected 55 gold pieces.

Inventory:

Hand Weapons
 a - a +0 war axe (weapon)
Missiles
 k - 6 boomerangs (quivered)
Armour
 b - a +0 scale mail (worn)
 c - a +0 buckler (worn)
 j - a +1 pair of boots (worn)
Jewellery
 i - a ring of magical power (left hand)
Scrolls
 e - a scroll of immolation {unknown}
 g - a scroll of silence {unknown}
 h - a scroll of enchant weapon {unknown}
Potions
 d - a potion of might
 f - a potion of mutation


   Skills:
 + Level 4.4 Fighting
 + Level 3.5 Axes
 + Level 3.7 Armour
 + Level 0.3 Dodging
 + Level 3.5 Shields


You had 2 spell levels left.
You didn't know any spells.
Your spell library was empty.

Dungeon Overview and Level Annotations

Branches:
Dungeon (2/15)

Altars:

Shops:
D:1 !

Annotations:
D:2 Natasha, Terence


Innate Abilities, Weirdness & Mutations

Your mind is acute. (Int +4, Str/Dex -1)
Your flesh is heat resistant. (rF+)
You expend magic power (3 MP) to strengthen your wands.


Message History

Natasha stares at you and mumbles some strange words.
The magic dart hits you.
The cerulean imp hits you from afar with a +2 spear.
You closely miss Natasha.
Natasha is severely wounded.
Terence hits you from afar with a +1 trident of freezing!
Terence freezes you. Natasha claws you but does no damage.
The cerulean imp barely misses you.
Terence hits you from afar with a +1 trident of freezing.
Terence freezes you. Natasha misses you.
It was a potion of mutation.
You feel extremely strange.
You feel clever.
You feel resistant to heat.
You feel your magical essence link to the dungeon's wands.
The cerulean imp hits you from afar with a +2 spear.
Terence barely misses you. Natasha barely misses you.
You slash Natasha!
You kill Natasha!
Natasha screams in fury as she dies!
The cerulean imp disappears in a puff of smoke!
Terence barely misses you.
Things that are here:
a +0 club; the felid corpse of Natasha
Found a stone staircase leading down.
Natasha, Servant of Life and Death comes into view.
Terence hits you with a +1 trident of freezing.
* * * LOW HITPOINT WARNING * * *
Terence freezes you.
* * * LOW HITPOINT WARNING * * *
Things that are here:
a +0 club; the felid corpse of Natasha You hit Terence but do no damage.
Terence hits you but does no damage.
Natasha stares at you and mumbles some strange words.
The magic dart hits you!
* * * LOW HITPOINT WARNING * * *
You slash Terence!
Terence is heavily wounded.
Terence barely misses you.
Terence hits you with a +1 trident of freezing.
You die...
Terence says, "Time to find some more victims."

###.... #######
....... .......
.#..... .......
....... .......
....... .......
#.... .......
#...####.......
#..<@@....h...
#.####........
# .........
..#....... ..#
###.### #.. .#
##> # #


You could see Terence and Natasha.

Vanquished Creatures
  Natasha (D:2)
  A gnoll (D:1)
  A giant cockroach (D:1)
  6 goblins
  A hobgoblin (D:1)
  A quokka (D:1)
  A ball python (D:1)
  2 bats (D:1)
  2 frilled lizards (D:1)
  A kobold (D:1)
  3 rats (D:1)
20 creatures vanquished.

Notes
Turn   | Place    | Note
-------+----------+-------------------------------------------
     0 | D:1      | dave1331 the Hill Orc Fighter began the quest for the Orb.
     0 | D:1      | Reached XP level 1. HP: 19/19 MP: 1/1
    86 | D:1      | Reached skill level 4 in Fighting
   133 | D:1      | Found Enyputav's Distillery.
   144 | D:1      | Reached XP level 2. HP: 27/27 MP: 2/2
   310 | D:1      | Reached XP level 3. HP: 32/33 MP: 3/3
   733 | D:2      | Noticed Terence
   733 | D:2      | Noticed Natasha
   741 | D:2      | Gained mutation: Your mind is acute. (Int +4, Str/Dex -1)
                  | [potion of mutation]
   741 | D:2      | Gained mutation: Your flesh is heat resistant. (rF+)
                  | [potion of mutation]
   741 | D:2      | Gained mutation: You expend magic power (3 MP) to
                  | strengthen your wands. [potion of mutation]
   742 | D:2      | Killed Natasha
   744 | D:2      | Noticed Natasha
   746 | D:2      | HP: 1/34 [Natasha/magic dart (8)]
   747 | D:2      | Slain by Terence

Illustrated notes

Levels and vault maps discovered:
D:1:      mrwooster_arrival_statue, layout_rooms, serial_shops, shop,
          serial_rivers, chequers_serial_rivers_micro_a,
          chequers_serial_rivers_small_3, chequers_serial_rivers_micro_d,
          chequers_serial_rivers_small_b, chequers_serial_rivers_large_a,
          chequers_serial_rivers_room_b
D:2:      layout_rooms, basic_altar, minmay_door_square,
          uniq_crazy_yiuf_cottage, uniq_terence, uniq_natasha

Skill      XL: |  1  2 |
---------------+-------+-----
Fighting       | 4 |  4.4
Axes           | 3 |  3.5
Armour         | |  3.7
Dodging        | |  0.3
Shields        | |  3.5

Action                     || total
---------------------------++-------
  Melee: War axe           ||    53
    Use: Potion            ||     1
 Armour: Scale mail        ||    45
  Dodge: Dodged            ||    33
  Block: Buckler           ||    10
